Unix NetHack Version 3.7.0-101 Work-in-progress - last build Mar 4 2024 13:34:30 (3c4ac04b664b9ee0831c739617f054b5b60dbfd1,branch:master). Game began 2024-03-12 15:17:42, ended 2024-03-12 18:59:01. misanthrope, neutral male human Wizard --------- --------------------------------- |........########|..................@...........Y| |.......| #|.----....-----|---------.....{.| |..>....-########|.| |....[@%?|..| G |.......| --.------ )|.| ----.|.*+|..| @ +.......| # ##-.|G | |.|*?/|--- ----.-----.| #### ##|.--+|. |.-----G - ---....-...|.| # ##|....-.--..| | |........|...|.| # #)|.......@B.@..|+-- -----..-----.| # #####|.{..--+-.----|. |........| # ## #|....| |.| . |.---+-..| ---.-----# #|.-+-- |.| |.- -----.| @|..| |........# #|.| |.| |.| |..|..| |..|# |.<.....| #|.| ----.| @ |.+ |..|..| m|@.|# |.......-######|.----....-----.----|--.@-----..|# h --------- #|..........^....................-# #--------------------------------- ## ## # Misanthrope the Thaumaturge St:13 Dx:14 Co:15 In:15 Wi:15 Ch:10 Neutral Dlvl:7 $:842 HP:0(51) Pw:30(78) AC:1 Xp:7/843 T:5346 Burdened Blind Latest messages: You smell a peculiar odor... Pick an object. In what direction? The spell hits the owlbear! The owlbear hits! The owlbear misses! You hit the owlbear! The owlbear hits! The owlbear hits again! The owlbear grabs you! In what direction? The spell hits the owlbear! You kill the owlbear! You see here an owlbear corpse. Pick an object. The homunculus bites! You hit the homunculus. The homunculus misses! You hit the homunculus! The homunculus reads a scroll labeled THARR! The homunculus vanishes! You see here an owlbear corpse. In what direction? The spell misses the homunculus. In what direction? The spell hits the homunculus! You kill the homunculus! There is an owlbear corpse here; eat it? [ynq] (n) Blecch! Rotten food! You finish eating the owlbear corpse. Pick an object. You miss the raven. The raven misses! The raven misses! The raven bites! The raven blinds you! You hit the raven. The raven bites! The raven bites! The raven misses! You hit the raven. The raven misses! The raven bites! You miss the raven. The raven bites! You miss the raven. The raven bites! The raven bites! You die... Do you want your possessions identified? [ynq] (y) Inventory: Coins ('$') $ - 842 gold pieces Weapons (')') t - an uncursed +0 orcish dagger a - a blessed +2 quarterstaff (weapon in hands) Armor ('[') k - an uncursed +0 orcish helm (being worn) P - an uncursed +0 pair of iron shoes (being worn) b - an uncursed +1 cloak of magic resistance (being worn) B - an uncursed +1 T-shirt with text "Weapons don't kill people, I kill people" (being worn) v - an uncursed +0 leather armor (being worn) Scrolls ('?') K - a blessed scroll of blank paper I - 2 uncursed scrolls of identify C - a blessed scroll of remove curse A - an uncursed scroll of remove curse j - an uncursed scroll of scare monster Spellbooks ('+') i - an uncursed spellbook of detect unseen Potions ('!') g - an uncursed potion of enlightenment S - a blessed potion of gain energy N - a cursed potion of hallucination o - 2 blessed potions of healing T - 2 cursed potions of healing h - an uncursed potion of invisibility p - an uncursed potion of object detection L - an uncursed potion of restore ability l - an uncursed potion of speed r - a potion of holy water Rings ('=') V - an uncursed ring of cold resistance d - an uncursed ring of free action e - an uncursed ring of invisibility J - a blessed +1 ring of protection (on left hand) Wands ('/') O - an uncursed wand of death (0:4) z - an uncursed wand of digging (0:4) Tools ('(') w - an uncursed sack containing 1 item u - an uncursed magic marker (0:20) Q - 6 blessed tallow candles Gems/Stones ('*') f - an uncursed chrysoberyl stone c - an uncursed diamond named P3334 Tpy Contents of the sack: an uncursed +0 pick-axe Misanthrope the Wizard's attributes: Background: You were a Thaumaturge, a level 7 male human Wizard. You were neutral, on a mission for Thoth who was opposed by Ptah (lawful) and Anhur (chaotic). You were right-handed. You were in the Gnomish Mines, on level 7. You entered the dungeon 5346 turns ago. There was a new moon in effect when your adventure ended. You had 843 experience points, 437 more were needed to attain level 8. Basics: You had 0 out of 51 hit points. You had 30 out of 78 energy points (spell power). Your armor class was 1. Your wallet contained 842 zorkmids. Autopickup was off. Final Characteristics: Your strength was 13 (limit:18/100). Your dexterity was 14 (limit:18). Your constitution was 15 (limit:18). Your intelligence was 15 (limit:18). Your wisdom was 15 (limit:18). Your charisma was 10 (limit:18). Final Status: You were temporarily blind. You weren't hungry. You were burdened; movement was slightly slowed. You were wielding a quarterstaff. You were skilled in quarterstaff. Final Attributes: You were piously aligned. You were magic-protected. You were telepathic. You had a small defense bonus (+1). You were guarded. You were unlucky. You are dead. Miscellaneous: You never encountered a bones level. Total elapsed playing time was 1 hour, 55 minutes and 38 seconds. Major events: Turn 1: misanthrope the neutral male human Wizard entered the dungeon 1085: attained the rank of Conjurer (level 3) 2722: entered the Gnomish Mines 4148: attained the rank of Thaumaturge (level 6) 5012: reached Mine Town 5346: killed by a raven Vanquished creatures: a winter wolf cub a gnome ruler an owlbear a dog 2 human zombies a bugbear an imp a wood nymph a rock mole a shrieker 4 gnome leaders 2 gnomish wizards 2 giant ants 2 floating eyes 8 dwarves a homunculus a kobold shaman 5 hill orcs a rothe a centipede a giant bat an orc zombie a dwarf zombie 2 wererats a werejackal 2 iguanas 2 hobbits a large kobold a giant rat a cave spider 2 yellow molds 27 gnomes 2 gnome zombies 3 geckos 3 jackals 2 foxes 2 kobolds 4 goblins 10 grid bugs 5 lichens 6 newts 117 creatures vanquished. No species were genocided or became extinct. Voluntary challenges: You read items or engraved 20 times. You engraved Elbereth 2 times. You never genocided any monsters. You never polymorphed an object. You never changed form. You used no wishes. Achievements: You attained the rank of Conjurer. You entered a shop. You entered the Gnomish Mines. You attained the rank of Thaumaturge. You entered Minetown. The Dungeons of Doom: levels 1 to 6 Level 1: "vault" A fountain. Level 2: Some fountains. Level 3: Stairs down to The Gnomish Mines. Level 4: Level 5: "vault" A fountain. Level 6: The Gnomish Mines: levels 4 to 8 Level 4: Level 5: Level 6: Level 7: <- You were here. Some fountains. Final resting place for you, killed by a raven. Level 8: Game over: ---------- / \ / REST \ / IN \ / PEACE \ / \ | misanthrope | | 842 Au | | killed by a | | raven | | | | | | 2024 | *| * * * | * _________)/\\_//(\/(/\)/\//\/|_)_______ Goodbye misanthrope the Wizard... You died in The Gnomish Mines on dungeon level 7 with 4510 points, and 842 pieces of gold, after 5346 moves. You were level 7 with a maximum of 51 hit points when you died.